 Dungeon Crawl Stone Soup version 0.28-a0-1159-g27aa881441 (webtiles) character file.

Game seed: 16462200168105242747

3569 patchburns1 the Ruffian (level 9, -5/89 HPs)
             Began as a Troll Berserker on Dec 15, 2021.
             Was an Elder of Trog.
             Slain by a hornet (13 damage)
             ... on level 8 of the Dungeon.
             The game lasted 00:29:49 (6357 turns).

patchburns1 the Ruffian (Troll Berserker)           Turns: 6357, Time: 00:29:50

Health: -5/89      AC:  6    Str: 27    XL:     9   Next: 84%
Magic:  8/8        EV: 11    Int:  7    God:    Trog [****..]
Gold:   405        SH:  0    Dex:  9    Spells: 8/8 levels left

rFire   . . .      SeeInvis .     - Unarmed
rCold   . . .      Faith    .   (no shield)
rNeg    . . .      Spirit   .   a - +0 animal skin
rPois   .          Reflect  .   (helmet restricted)
rElec   .          Harm     .   y - +1 cloak
rCorr   .          Rampage  .   (gloves unavailable)
Will    .....                   (boots unavailable)
Stlth   +.........              (no amulet)
HPRegen 1.04/turn               g - ring of flight
MPRegen 0.11/turn               (no ring)

@: lethally poisoned (-5 -> -11), flying, slowed, very slow
A: large, unfitting armour, claws 3, regeneration 1, shaggy fur 1, tough skin 1
a: Renounce Religion, Berserk, Trog's Hand, Brothers in Arms


You were on level 8 of the Dungeon.
You worshipped Trog.
Trog was greatly pleased with you.
You visited 2 branches of the dungeon, and saw 10 of its levels.

You collected 433 gold pieces.
You spent 28 gold pieces at shops.

Inventory:

Hand Weapons
 h - a +2 dagger of venom
 v - a +0 giant spiked club of draining
 I - a +0 mace
Missiles
 b - 233 stones
 c - 33 poisoned darts (quivered)
 l - 73 sling bullets
 t - 58 arrows
 w - 3 boomerangs
 x - 29 bolts
Armour
 a - a +0 animal skin (worn)
 y - a +1 cloak (worn)
Jewellery
 g - a ring of flight (left claw)
 G - an amulet of magic regeneration
 J - a ring of positive energy
Wands
 j - a wand of iceblast (17)
 m - a wand of mindburst (4)
 D - a wand of polymorph (5)
Scrolls
 k - 2 scrolls of immolation
 n - 3 scrolls of silence {unknown}
 p - 3 scrolls of teleportation {unknown}
 q - 2 scrolls of vulnerability {unknown}
 r - a scroll of magic mapping {unknown}
 B - a scroll of enchant armour {unknown}
 C - a scroll of amnesia {unknown}
 E - a scroll of identify
 F - 2 scrolls of noise {unknown}
 H - a scroll of enchant weapon
Potions
 d - a potion of berserk rage
 e - 2 potions of curing
 f - a potion of ambrosia {unknown}
 i - a potion of degeneration {unknown}
 o - 3 potions of heal wounds
 s - 2 potions of mutation
 u - a potion of resistance {unknown}
 z - 2 potions of flight {unknown}
 A - a potion of lignification {unknown}


   Skills:
 * Level 5.9 Fighting
 + Level 3.3 Maces & Flails
 + Level 3.9 Throwing
 + Level 3.3 Armour
 * Level 5.9 Dodging
 - Level 0.5 Stealth
 * Level 7.2 Unarmed Combat
 + Level 2.9 Evocations


You had 8 spell levels left.
You didn't know any spells.
Your spell library was empty.

Dungeon Overview and Level Annotations

Branches:
Dungeon (9/15)             Temple (1/1) D:5            Lair (0/6) D:8
    Orc: D:9-12

Altars:
Ashenzari
Cheibriados
Dithmenos
Elyvilon
Fedhas
Gozag
Hepliaklqana
Kikubaaqudgha
Makhleb
Nemelex Xobeh
Qazlal
Ru
Sif Muna
Trog
Uskayaw
Vehumet
Wu Jian
Xom
Yredelemnul
Zin
The Shining One

Shops:
D:1 ?   D:6 [


Innate Abilities, Weirdness & Mutations

You are too large for most types of armour.
You have claws for hands.
Your natural rate of healing is unusually fast.
You are covered in fur. (AC +1)
You have tough skin. (AC +1)


Message History

There is a stone staircase leading down here.
You fly downwards.
The hornet barely misses you. The hornet stings you!
You feel yourself slow down.
There is a stone staircase leading up here.
You feel yourself speed up. The hornet closely misses you.
The kobold hits you with a +0 short sword.
The hornet stings you.
You are poisoned.
You suddenly lose the ability to move!
You feel very sick. The hornet stings you!
You feel yourself slow down.
The kobold brigand hits you with a +0 dagger.
The kobold hits you but does no damage. The hornet stings you.
You feel as though you will be slow longer.
You can move again.
You fly upwards.
You feel very sick.
There is a stone staircase leading down here.
You feel sick.
The kobold hits you with a +0 short sword. x2
The hornet barely misses you.
You feel yourself speed up.
You feel sick. The hornet stings you.
You suddenly lose the ability to move!
The kobold completely misses you.
You feel sick. The hornet stings you!
* * * LOW HITPOINT WARNING * * *
You are more poisoned.
You feel yourself slow down. The kobold hits you but does no damage.
The hornet stings you but does no damage.
You feel sick. The hornet stings you!
* * * LOW HITPOINT WARNING * * *
You are more poisoned.
You feel as though you will be slow longer.
The kobold completely misses you.
You can move again.
* * * LOW HITPOINT WARNING * * *
You feel extremely sick. The hornet stings you!
You die...

.........[# #............#
..........# #............#
.........:###............#
.........................#
'#.......................#
.#........)..............#
.#........###............#
..........###............####
............'...@y.>.....'..#
...##.......#.....K......##.#
#####.......#............##.#
............############....#
...#####...............#)####
...# #...............#.#
...#####...............'.#
.......................###
........................#


You could see a hornet and a kobold.

Vanquished Creatures
  A komodo dragon (D:8)
  2 wyverns (D:8)
  A basilisk (D:8)
  3 yaks
  A water moccasin (D:8)
  2 orc warriors
  2 ice beasts
  2 sky beasts (D:7)
  A swamp drake (D:8)
  4 necrophages
  2 ogres
  2 phantoms
  A bullfrog (D:5)
  2 wyvern zombies (D:7)
  A water moccasin zombie (D:7)
  A wight (D:7)
  3 centaur zombies
  A gnoll shaman (D:7)
  A bullfrog skeleton (D:7)
  A hound (D:7)
  A human zombie (D:7)
  A jelly (D:7)
  Crazy Yiuf (D:6)
  A centaur skeleton (D:4)
  An orc priest (D:8)
  3 iguanas
  4 orc wizards
  2 killer bee zombies
  A mummy (D:7)
  A howler monkey zombie (D:7)
  12 gnolls
  A howler monkey skeleton (D:7)
  4 adders
  A shadow imp (D:7)
  A white imp (D:8)
  2 worms
  14 orcs
  5 endoplasms
  A giant cockroach (D:1)
  4 goblins (D:2)
  8 hobgoblins
  3 quokkas
  4 ball pythons
  A bat (D:2)
  A frilled lizard (D:2)
  4 kobolds
  2 rats (D:1)
118 creatures vanquished.

Vanquished Creatures (others)
  A wyvern (D:8)
1 creature vanquished.

Grand Total: 119 creatures vanquished

Notes
Turn   | Place    | Note
-------+----------+-------------------------------------------
     0 | D:1      | patchburns1 the Troll Berserker began the quest for the
                  | Orb.
     0 | D:1      | Reached XP level 1. HP: 22/22 MP: 0/0
   142 | D:1      | Found Ucucogg's Magic Scroll Emporium.
   185 | D:1      | Bought a scroll of identify for 28 gold pieces
   267 | D:1      | Reached XP level 2. HP: 29/29 MP: 1/1
   963 | D:2      | Reached XP level 3. HP: 35/36 MP: 2/2
  1221 | D:3      | You fall into a shaft and drop 1 floor!
  1221 | D:4      | Noticed an ogre
  1221 | D:4      | Found a broken altar of Ashenzari.
  1234 | D:4      | Killed an ogre
  1235 | D:4      | Reached skill level 1 in Throwing
  1235 | D:4      | Reached XP level 4. HP: 33/45 MP: 3/3
  1404 | D:4      | Reached ** piety under Trog
  1436 | D:4      | Reached XP level 5. HP: 53/53 MP: 4/4
  1903 | D:4      | Found a shimmering blue altar of Sif Muna.
  1971 | D:5      | Entered Level 5 of the Dungeon
  2043 | D:5      | Found a staircase to the Ecumenical Temple.
  2056 | Temple   | Entered the Ecumenical Temple
  2434 | D:5      | Reached skill level 4 in Unarmed Combat
  2476 | D:5      | Reached skill level 1 in Armour
  2550 | D:5      | Noticed a phantom
  2558 | D:5      | Killed a phantom
  2559 | D:5      | Reached XP level 6. HP: 49/61 MP: 5/5
  3059 | D:6      | Noticed an orc warrior
  3065 | D:5      | Reached skill level 1 in Evocations
  3172 | D:6      | Reached XP level 7. HP: 55/68 MP: 6/6
  3444 | D:5      | Reached skill level 1 in Maces & Flails
  3444 | D:5      | Reached skill level 5 in Unarmed Combat
  3489 | D:6      | Found a runed translucent door.
  3492 | D:6      | Noticed Crazy Yiuf
  3523 | D:6      | Killed Crazy Yiuf
  3643 | D:6      | Reached XP level 8. HP: 17/78 MP: 7/7
  3809 | D:6      | Found Xoamiontuil's Armour Shoppe.
  4244 | D:6      | Found Oschauhy's Book Emporium.
  4954 | D:7      | Reached *** piety under Trog
  4993 | D:7      | Found a basalt altar of Yredelemnul.
  5027 | D:7      | Reached skill level 6 in Unarmed Combat
  5037 | D:7      | Reached skill level 5 in Fighting
  5063 | D:7      | Reached skill level 5 in Dodging
  5076 | D:7      | Reached XP level 9. HP: 84/87 MP: 8/8
  6040 | D:8      | Noticed a komodo dragon
  6051 | D:8      | Killed a komodo dragon
  6052 | D:8      | Reached skill level 7 in Unarmed Combat
  6112 | D:8      | Reached **** piety under Trog
  6196 | D:8      | Found a staircase to the Lair.
  6350 | D:9      | Paralysed by a hornet for 2 turns
  6354 | D:8      | Paralysed by a hornet for 3 turns
  6357 | D:8      | Slain by a hornet

Illustrated notes

Levels and vault maps discovered:
D:1:      dpeg_arrival_brainrot, layout_rooms, serial_shops, shop,
          minmay_statues_item
D:2:      layout_loops_ring, minmay_goblin_outpost
D:3:      minmay_recursive_quarters, layout_basic, serial_shops,
          nicolae_diamond_shop
D:4:      layout_basic, evilmike_ruin_ashenzari, general_overflow_altar
D:5:      layout_loops_ring, minmay_temple_entry_wispy
D:6:      layout_basic, serial_shops, nicolae_lakefront_shop, shop,
          uniq_crazy_yiuf_cottage
D:7:      layout_loops_ring, lemuel_mausoleum_altar_yredelemnul
D:8:      layout_basic, erik_lair_dragon
D:9:      layout_layer_cave, mainiacjoe_overflow_surrounded_room
Temple:   hc_temple_tempest_star

Skill      XL: |  1  2  3  4  5  6  7  8  9 |
---------------+----------------------------+-----
Fighting       | 3 4 5 |  5.9
Throwing       | 1 2 3 |  3.9
Dodging        | 3 4 5 |  5.9
Unarmed Combat | 4 5 6 7 |  7.2
Armour         | 1 2 3 |  3.3
Evocations     | 1 2 |  2.9
Maces & Flails | 1 2 3 |  3.3
Stealth        | |  0.5

Action                   |  1- 3 |  4- 6 |  7- 9 || total
-------------------------+-------+-------+-------++-------
Melee: Unarmed           |    56 |    75 |   308 ||   439
       Punch             |     1 |       |     9 ||    10
       Dagger            |       |     7 |     2 ||     9
       Giant spiked club |       |       |     2 ||     2
 Fire: Hunting sling     |    13 |       |       ||    13
Throw: Stone             |     7 |       |       ||     7
       Dart              |       |       |     7 ||     7
Invok: Berserk           |     1 |       |       ||     1
  Use: Scroll            |     4 |     4 |     5 ||    13
 Stab: Sleeping          |       |     1 |     1 ||     2
Armor: Animal skin       |    24 |    30 |    82 ||   136
Dodge: Dodged            |    38 |    45 |   139 ||   222

Table legend: (Time is in decaauts)
 A = Elapsed time spent in this place.
 B = Non-inter-level travel time spent in this place.
 C = Inter-level travel time spent in this place.
 D = Time resting spent in this place.
 E = Time spent auto-exploring this place.
 F = Levels seen in this place.
 G = Mean time per level.
                   A        B        C        D        E       F      G
               +--------+--------+--------+--------+--------+-----+--------+
         Total |   6354 |   6354 |      0 |    446 |   3415 |  10 |  635.4 |
       Dungeon |   5963 |   5963 |      0 |    446 |   3078 |   9 |  662.6 |
        Temple |    391 |    391 |      0 |      0 |    337 |   1 |  391.0 |
               +--------+--------+--------+--------+--------+-----+--------+

Top non-repeatable levels by time:
     D:5: 1078 daAuts
     D:6: 1043 daAuts
     D:8: 962 daAuts
     D:7: 873 daAuts
     D:4: 753 daAuts
     D:2: 740 daAuts
     D:1: 478 daAuts
  Temple: 391 daAuts
     D:9: 30 daAuts
     D:3: 1 daAuts
